 Dungeon Crawl Stone Soup version 0.23.2-33-g5129a83184 (webtiles) character file.

Game seed: 15566511012076697068

743 Atelerd the Conjurer (level 7, -4/44 HPs)
             Began as an Octopode Fire Elementalist on July 15, 2019.
             Was an Initiate of Sif Muna.
             Slain by a centaur (8 damage)
             ... on level 5 of the Dungeon on July 16, 2019.
             The game lasted 00:10:12 (5962 turns).

Atelerd the Conjurer (Octopode Fire Elementalist)   Turns: 5962, Time: 00:10:12

Health: -4/44      AC:  1    Str: 10    XL:     7   Next: 76%
Magic:  0/13       EV: 13    Int: 17    God:    Sif Muna [......]
Gold:   187        SH:  0    Dex: 13    Spells: 6/15 levels left

rFire    . . .     SeeInvis .   m - +2 falchion (holy)
rCold    . . .     Gourm    .   (no shield)
rNeg     . . .     Faith    .   (helmet restricted)
rPois    .         Spirit   .   (no amulet)
rElec    .         Reflect  .   c - ring of wizardry
rCorr    .         Harm     .   j - ring of wizardry
MR       +....                  l - +3 ring of strength
Stlth    +++.......             (no ring)
HPRegen  0.14/turn              (no ring)
MPRegen  0.13/turn              (no ring)
                                (no ring)
                                (no ring)

@: very slightly contaminated
A: almost no armour, stealthy swim, amphibious, 8 rings, constrict 8, camouflage
1, dopey 1, magic resistance 1, gelatinous body 1
a: Renounce Religion


You were on level 5 of the Dungeon.
You worshipped Sif Muna.
Sif Muna was noncommittal.
You were very hungry.

You visited 1 branch of the dungeon, and saw 5 of its levels.

You collected 187 gold pieces.

Inventory:

Hand Weapons
 a - a +0 dagger
 k - a +0 hand axe of electrocution
 m - a +2 falchion of holy wrath (weapon)
 q - a +2 dagger of venom
Jewellery
 c - a ring of wizardry (left tentacle)
 j - a ring of wizardry (right tentacle)
 l - a +3 ring of strength (on tentacle)
Wands
 s - a wand of flame (16)
Scrolls
 d - 2 scrolls of remove curse {unknown}
 e - 3 scrolls of identify {unknown}
 g - 4 scrolls of teleportation {unknown}
 i - a scroll of magic mapping {unknown}
 n - a scroll of amnesia {unknown}
Potions
 h - a potion of might {unknown}
 o - a potion of flight {unknown}
 p - a potion of curing
Comestibles
 b - 6 rations


   Skills:
 * Level 1.9 Fighting
 - Level 2.0 Dodging
 - Level 2.6 Stealth
 + Level 4.5 Spellcasting
 * Level 6.5 Conjurations
 - Level 3.0 Fire Magic


You had 6 spell levels left.
You knew the following spells:

 Your Spells              Type           Power        Failure   Level  Hunger
a - Flame Tongue          Conj/Fire      ###..        1%          1    None
b - Fireball              Conj/Fire      ###.......   16%         5    ######.
c - Inner Flame           Hex/Fire       #.......     7%          3    ###....

Your spell library contained the following spells:

 Spells                   Type           Power        Failure   Level  Hunger
 Sting                    Conj/Pois      ###.         1%          1    None
 Throw Flame              Conj/Fire      ###...       1%          2    ##.....
 Conjure Flame            Conj/Fire      ###.....     1%          3    ###....
 Sticky Flame             Conj/Fire      ###.....     5%          4    ####...


Dungeon Overview and Level Annotations

Branches:
Dungeon (5/15)             Temple (0/1) D:4

Altars:
Hepliaklqana
Sif Muna
Vehumet
Xom

Annotations:
D:2 exclusion: downstairs
D:3 exclusion: downstairs


Innate Abilities, Weirdness & Mutations

You cannot wear most types of armour.
You are very stealthy in the water. (Stealth+)
You are amphibious.
You can wear up to eight rings at the same time.
You can use your tentacles to constrict eight enemies at once.
Your skin changes colour to match your surroundings (Stealth+).
Your rubbery body absorbs attacks. (AC +1, EV +1)
You are dopey. (Int -2)
You are resistant to hostile enchantments. (MR+)


Message History

Aim: a centaur (severely wounded)
The flame tongue hits the centaur.
The centaur is almost dead.
The centaur hits you.
* * * LOW HITPOINT WARNING * * *
Casting: Flame Tongue (safe; 1% risk of failure)
Confirm with . or Enter, or press ? or * to list all spells.
Aiming: Flame Tongue (safe; 1% risk of failure)
Press: ? - help, Shift-Dir - straight line, f/p - centaur
Aim: a centaur (almost dead)
The flame tongue hits the centaur.
The centaur is almost dead.
The centaur hits you.
* * * LOW HITPOINT WARNING * * *
The centaur hits you.
* * * LOW HITPOINT WARNING * * *
You closely miss the centaur.
The centaur is almost dead.
The centaur hits you!
You die...

........ #.......
#..... ###....
#....# #....#
#.(..# #..c.#
#...@#########
#....((.......
#....###########..
#..............#.#
#....###.#.###.#.#
#.#.#..#.#...#.#.#
#.#....#.##.##.#.#
#.####.#.#.....#.#
#. ...#####.#.#


You could see a centaur.

Vanquished Creatures
  2 ogres (D:4)
  A phantom (D:4)
  A bullfrog zombie (D:5)
  3 hounds
  2 orc wizards (D:3)
  3 worker ants
  Natasha (thrice) (D:2)
  Robin (D:3)
  4 adders
  3 oozes
  3 worms
  4 dart slugs
  A leopard gecko (D:3)
  9 orcs (D:3)
  5 giant cockroaches
  13 goblins
  12 hobgoblins
  4 quokkas
  2 ball pythons
  4 bats
  2 frilled lizards
  A jackal skeleton (D:3)
  12 kobolds
  2 leopard gecko skeletons
  8 rats
105 creatures vanquished.

Notes
Turn   | Place    | Note
-------+----------+-------------------------------------------
     0 | D:1      | Atelerd the Octopode Fire Elementalist began the quest for
                  | the Orb.
     0 | D:1      | Reached XP level 1. HP: 11/11 MP: 3/3
   401 | D:1      | Reached XP level 2. HP: 17/17 MP: 1/5
   510 | D:1      | Reached skill level 2 in Conjurations
   980 | D:1      | Reached XP level 3. HP: 12/21 MP: 6/6
  1435 | D:2      | Reached skill level 3 in Conjurations
  1542 | D:2      | Reached XP level 4. HP: 27/27 MP: 8/8
  1637 | D:2      | Noticed Natasha
  1646 | D:2      | Killed Natasha
  1710 | D:2      | Noticed Natasha
  1882 | D:2      | Killed Natasha
  1882 | D:2      | Reached XP level 5. HP: 31/31 MP: 4/9
  1966 | D:3      | Learned a level 5 spell: Fireball
  1970 | D:3      | Learned a level 3 spell: Inner Flame
  2151 | D:3      | Noticed Robin
  2182 | D:3      | Reached skill level 4 in Conjurations
  2198 | D:3      | Gained mutation: You are dopey. (Int -2) [potion of
                  | mutation]
  2198 | D:3      | Gained mutation: You are resistant to hostile enchantments.
                  | (MR+) [potion of mutation]
  3045 | D:3      | Found a radiant altar of Vehumet.
  3045 | D:3      | Found a hazy altar of Hepliaklqana.
  3432 | D:2      | Noticed Natasha
  3437 | D:2      | Killed Natasha
  3594 | D:3      | Reached XP level 6. HP: 36/36 MP: 11/11
  3784 | D:3      | Found a deep blue altar of Sif Muna.
  3893 | D:3      | Reached skill level 5 in Conjurations
  3894 | D:3      | Identified Sif Muna's Almanac of Destructive Venom
  3906 | D:3      | Became a worshipper of Sif Muna the Loreminder
  3978 | D:3      | Killed Robin
  4385 | D:4      | Found a staircase to the Ecumenical Temple.
  4991 | D:4      | Reached skill level 6 in Conjurations
  4991 | D:4      | Reached XP level 7. HP: 41/41 MP: 0/13
  5022 | D:4      | Found a shimmering altar of Xom.
  5312 | D:4      | Reached skill level 1 in Fighting
  5866 | D:5      | Entered Level 5 of the Dungeon
  5962 | D:5      | Slain by a centaur

Skill      XL: |  1  2  3  4  5  6  7 |
---------------+----------------------+-----
Conjurations   | 2 3 4 6 |  6.5
Spellcasting   | 3 4 |  4.5
Fighting       | 1 |  1.9
Dodging        | |  2.0
Stealth        | |  2.6
Fire Magic     | |  3.0

Action                   |  1- 3 |  4- 6 |  7- 9 || total
-------------------------+-------+-------+-------++-------
Melee: Unarmed           |     7 |       |       ||     7
       Dagger            |    33 |       |       ||    33
       Constrict         |    12 |    24 |     6 ||    42
       Tentacles         |     6 |    12 |     8 ||    26
       Hand axe          |     8 |     6 |       ||    14
       Falchion          |       |    56 |    32 ||    88
 Cast: Flame Tongue      |    25 |    53 |    15 ||    93
       Fireball          |       |     9 |     5 ||    14
  Use: Potion            |       |     2 |     2 ||     4
 Stab: Sleeping          |     9 |     7 |     2 ||    18
  Eat: Chunk             |     2 |    11 |     5 ||    18
       Ration            |       |     1 |       ||     1
Armor: Skin              |     1 |     6 |     3 ||    10
Dodge: Dodged            |    27 |    62 |    25 ||   114
       Rpst.: Falchion   |       |    13 |     6 ||    19
